 Dungeon Crawl Stone Soup version 0.31.0-11-ge490571c62 (webtiles) character file.

Game seed: 6891701655773851834

8337 zenocrate the Covert (level 11, -22/47 HPs)
             Began as a Vine Stalker Enchanter on Jan 29, 2024.
             Was an Initiate of Gozag.
             Annihilated by a two-headed ogre
             ... wielding a +0 giant club
              (24 damage)
             ... on level 11 of the Dungeon.
             The game lasted 00:11:43 (9329 turns).

zenocrate the Covert (Vine Stalker Enchanter)       Turns: 9329, Time: 00:11:44

Health: -22/47     AC:  2    Str: 11    XL:     11   Next: 29%
Magic:  0/16       EV: 16    Int: 15    God:    Gozag
Gold:   804        SH:  0    Dex: 19    Spells: 7/15 levels left

rFire   . . .        b - +0 short sword (elec)
rCold   . . .        (no shield)
rNeg    + . .        g - +0 robe
rPois   .            (no helmet)
rElec   .            I - +2 cloak of Lauczywa {^Contam rN+ Slay+3 SInv}
rCorr   .            (no gloves)
SInv    +            G - +0 pair of boots
Will    +....        (no amulet)
Stlth   +++++        Q - ring of wizardry
HPRegen 1.07/turn    R - +4 ring of slaying
MPRegen 0.15/turn

%: guardian spirit, wizardry (x1)
@: corroded, slowed, very slow
A: fangs 3, regeneration 1, magic shield, antimagic bite, no potion heal 2
a: Renounce Religion, Potion Petition, Call Merchant, Bribe Branch


You were on level 11 of the Dungeon.
You worshipped Gozag.
Gozag was pleased with you.
You visited 2 branches of the dungeon, and saw 12 of its levels.

You collected 1327 gold pieces.
You spent 479 gold pieces at shops.
You paid 44 gold pieces to Gozag.

Inventory:

Hand Weapons
 a - the +5 dagger of the Final Chapter {protect, +Blink rF+}
   (You found it on level 4 of the Dungeon)

   rF+:       It protects you from fire.
   +Blink:    It lets you blink.
 b - a +0 short sword of electrocution (weapon)
 y - a +1 dagger
 D - a +0 dagger of electrocution
 E - a +0 rapier
 J - a +3 dagger
Missiles
 l - 36 poisoned darts (quivered)
 w - 6 atropa-tipped darts
 H - 8 boomerangs
Armour
 e - a +0 cloak
 g - a +0 robe (worn)
 G - a +0 pair of boots (worn)
 I - the +2 cloak of Lauczywa (worn) {^Contam rN+ Slay+3 SInv}
   (You bought it in a shop on level 4 of the Dungeon)

   Slay+3:    It affects your accuracy & damage with ranged weapons and melee
   (+3).
   rN+:       It protects you from negative energy.
   SInv:      It lets you see invisible.
   ^Contam:   It causes magical contamination when unequipped.
Jewellery
 o - a ring of see invisible
 t - a ring of magical power
 Q - a ring of wizardry (left hand)
 R - a +4 ring of slaying (right hand)
Wands
 z - a wand of charming (11)
 K - a wand of roots (11)
 M - a wand of mindburst (10)
Scrolls
 d - a scroll of noise {unknown}
 f - a scroll of enchant armour
 i - 2 scrolls of poison
 j - a scroll of summoning {unknown}
 k - a scroll of brand weapon {unknown}
 n - 2 scrolls of torment
 p - a scroll of teleportation
 q - a scroll of enchant weapon {unknown}
 s - 2 scrolls of amnesia {unknown}
 v - 2 scrolls of revelation
 x - 2 scrolls of fear {unknown}
 A - a scroll of silence {unknown}
 C - 2 scrolls of vulnerability
 N - a scroll of fog {unknown}
Potions
 c - 3 potions of invisibility
 h - 3 potions of attraction
 m - 3 potions of might
 r - 2 potions of curing
 u - a potion of haste
 B - 2 potions of brilliance
 F - a potion of cancellation
 L - a potion of enlightenment
 O - 4 potions of lignification
 P - a potion of magic


   Skills:
 + Level 7.6 Short Blades
 - Level 2.4 Armour
 + Level 6.5 Dodging
 + Level 10.6 Stealth
 - Level 2.9 Spellcasting
 + Level 8.2 Hexes
 - Level 3.0 Ice Magic
 + Level 4.8 Evocations


You had 7 spell levels left.
You knew the following spells:

 Your Spells              Type           Power      Damage    Failure   Level
a - Ensorcelled Hibernat  Hex/Ice        38%        N/A       1%          2
b - Confusing Touch       Hex            26%        N/A       1%          3
c - Tukima's Dance        Hex            26%        N/A       1%          3

Your spell library contained the following spells:

 Spells                   Type           Power      Damage    Failure   Level
 Dazzling Flash           Conj/Hex       28%        N/A       4%          3
 Magic Dart               Conj           8%         1d3       9%          1
 Searing Ray              Conj           4%         2d4       12%         2
 Fulminant Prism          Conj/Alch      1%         3d5       58%         4


Dungeon Overview and Level Annotations

Branches:
Dungeon (11/15)            Temple (1/1) D:5             Orc (0/2) D:11
   Lair: D:8-11

Altars:
Ashenzari
Cheibriados
Dithmenos
Elyvilon
Fedhas
Gozag
Hepliaklqana
Kikubaaqudgha
Makhleb
Nemelex Xobeh
Okawaru
Qazlal
Ru
Sif Muna
Trog
Uskayaw
Vehumet
Wu Jian
Xom
Yredelemnul
Zin
The Shining One

Shops:
D:1 :   D:4 [=[   D:10 *


Innate Abilities, Weirdness & Mutations

You have razor-sharp teeth.
Your natural rate of healing is unusually fast.
When hurt, damage is shared between your health and your magic reserves.
Your bite disrupts and absorbs the magic of your enemies.
Potions cannot restore your health.


Message History

The kobold attacks as it pursues you!
The kobold hits you with a +0 short sword.
The kobold demonologist casts a spell.
The quasit gives a chilling moan.
You feel sick.
The rust devil is no longer distracted by gold.
The kobold is distracted by your dazzling golden aura.
The kobold barely misses you.
Unknown command.
As you read the scroll of teleportation, it crumbles to dust.
You feel strangely unstable.
You feel sick.
The ufetubus is distracted by your dazzling golden aura.
The kobold brigand is distracted by your dazzling golden aura.
The kobold is distracted by your dazzling golden aura.
Unknown command.
You feel sick.
You are no longer poisoned.
The kobold is no longer distracted by gold. x2
The kobold throws a stone.
The stone closely misses you.
Unknown command.
Your surroundings suddenly seem different.
An orc warrior, 7 orcs, a two-headed ogre and 3 yaks come into view.
The orc warrior is wielding a +1 dire flail of protection.
An orc is wielding a +2 hand axe of flaming.
Found 9 gold pieces.
Found a staircase to the Orcish Mines.
The orc warrior shouts!
The orc shouts! x2; The yak bellows!
The orc shouts! x2
The yak bellows!
The yak closely misses you. x2
The two-headed ogre shouts in stereo!
The yak misses you.
The two-headed ogre attacks as it pursues you!
The two-headed ogre barely misses you. The two-headed ogre misses you.
Unknown command.
Unknown command.
The yak attacks as it pursues you! The yak barely misses you.
The two-headed ogre hits you with a +0 giant club!!
* * * LOW HITPOINT WARNING * * *
The two-headed ogre hits you with a +0 giant club!!
Ouch! That really hurt!
You die...
Your body crumbles into a pile of gold.

.. ..# #
#..# .#
.#.###
#.####.....#
#.#Yo...8...
#.#Y........
#.@OoYoo....
#..8o.o.>...
##..oo......
##..$......
#.....8...
####.....#
...### ####


You could see a two-headed ogre, 3 yaks, an orc warrior and 7 orcs.

Vanquished Creatures
  Erica (D:10)
  A two-headed ogre (D:10)
  Pikel (D:6)
  3 kobold demonologists
  A troll (D:10)
  2 vampires
  6 yaks
  2 steam dragons
  4 vampire mosquitoes (D:10)
  A water moccasin (D:9)
  An ice beast (D:8)
  2 black bears
  2 orc warriors
  2 sky beasts
  An ogre (D:6)
  A centaur (D:5)
  A lemure (D:6)
  3 kobold brigands
  4 bullfrogs
  2 scorpions (D:5)
  8 wights
  13 killer bees
  7 howler monkeys
  A bombardier beetle (D:5)
  A hound (D:5)
  A gnoll bouda (D:10)
  9 orc priests
  Crazy Yiuf (D:3)
  2 sleepcaps
  Jessica (D:3)
  An iguana (D:6)
  Ijyb (D:4)
  12 orc wizards
  8 adders
  3 gnolls (D:10)
  2 ufetubi (D:4)
  2 dart slugs
  30 orcs
  5 endoplasms
  5 giant cockroaches
  A goblin (D:3)
  10 hobgoblins
  5 jackals
  4 quokkas
  5 ball pythons
  5 bats (D:3)
  A frilled lizard (D:1)
  19 kobolds
  8 rats
212 creatures vanquished.

Notes
Turn   | Place    | Note
-------+----------+-------------------------------------------
     0 | D:1      | zenocrate the Vine Stalker Enchanter began the quest for
                  | the Orb.
     0 | D:1      | Reached XP level 1. HP: 9/9 MP: 4/4
    96 | D:1      | Reached skill level 1 in Short Blades
   197 | D:1      | Reached XP level 2. HP: 13/13 MP: 6/6
   211 | D:1      | Learned a level 2 spell: Ensorcelled Hibernation
   367 | D:1      | Reached skill level 4 in Stealth
   446 | D:1      | Found Guegim's Vocational Training.
   605 | D:2      | Reached XP level 3. HP: 16/16 MP: 7/7
   609 | D:2      | Learned a level 3 spell: Confusing Touch
  1630 | D:3      | Reached XP level 4. HP: 20/21 MP: 8/8
  1642 | D:3      | Reached skill level 1 in Ice Magic
  1803 | D:3      | Noticed Jessica
  1812 | D:3      | Killed Jessica
  2046 | D:3      | Found a shimmering blue altar of Sif Muna.
  2139 | D:3      | Found a runed translucent door.
  2140 | D:3      | Noticed Crazy Yiuf
  2456 | D:3      | Killed Crazy Yiuf
  2457 | D:3      | Reached skill level 1 in Armour
  2457 | D:3      | Reached XP level 5. HP: 18/24 MP: 9/9
  2462 | D:3      | Learned a level 3 spell: Tukima's Dance
  2601 | D:4      | Reached XP level 6. HP: 28/28 MP: 10/10
  2734 | D:4      | Reached skill level 5 in Stealth
  2756 | D:4      | Identified the +5 dagger of the Final Chapter {protect,
                  | +Blink rF+}
  2773 | D:4      | Found Oczyoh's Armour Shoppe.
  2773 | D:4      | Found Quipairy's Jewellery Shoppe.
  2775 | D:4      | Found Luewkoff's Armour Shoppe.
  3266 | D:4      | Noticed Ijyb
  3277 | D:4      | Killed Ijyb
  3370 | D:4      | Noticed a black bear
  3383 | D:4      | Killed a black bear
  3577 | D:4      | Reached XP level 7. HP: 32/32 MP: 11/11
  3597 | D:4      | Found a bloodstained altar of Trog.
  3815 | D:5      | Entered Level 5 of the Dungeon
  3952 | D:5      | Found a staircase to the Ecumenical Temple.
  3966 | Temple   | Entered the Ecumenical Temple
  3978 | Temple   | Became a worshipper of Gozag Ym Sagoz the Greedy
  4557 | D:6      | Noticed a steam dragon
  4561 | D:6      | Killed a steam dragon
  4562 | D:6      | Reached skill level 6 in Stealth
  4562 | D:6      | Gained mutation: You have razor-sharp teeth. [Vine Stalker
                  | growth]
  4562 | D:6      | Reached XP level 8. HP: 36/36 MP: 12/12
  4592 | D:6      | Reached skill level 1 in Evocations
  4678 | D:6      | Noticed Pikel
  4867 | D:6      | Killed Pikel
  4868 | D:6      | Reached skill level 7 in Stealth
  4868 | D:6      | Reached skill level 5 in Hexes
  5061 | D:6      | Reached XP level 9. HP: 32/39 MP: 11/13
  6474 | D:4      | Bought the +2 cloak of Lauczywa {^Contam rN+ Slay+3 SInv}
                  | for 479 gold pieces
  6542 | D:8      | Reached skill level 5 in Short Blades
  6542 | D:8      | Reached skill level 8 in Stealth
  6769 | D:8      | Reached skill level 5 in Dodging
  7127 | D:8      | Reached XP level 10. HP: 43/44 MP: 14/14
  7499 | D:9      | Reached skill level 9 in Stealth
  8014 | D:9      | Found a stormy altar of Qazlal.
  8018 | D:9      | Found a hazy altar of Hepliaklqana.
  8021 | D:9      | Found a broken altar of Ashenzari.
  8073 | D:9      | Noticed a kobold demonologist
  8096 | D:9      | Killed a kobold demonologist
  8494 | D:10     | Entered Level 10 of the Dungeon
  8805 | D:10     | Found a glowing silver altar of Zin.
  8890 | D:10     | Reached skill level 10 in Stealth
  8918 | D:10     | Reached XP level 11. HP: 45/47 MP: 16/16
  8954 | D:10     | Noticed a two-headed ogre
  8972 | D:10     | Killed a two-headed ogre
  9075 | D:10     | Found Ocoycwua's General Store.
  9136 | D:10     | Noticed Erica
  9154 | D:10     | Killed Erica
  9327 | D:11     | Found a staircase to the Orcish Mines.
  9327 | D:11     | Noticed a two-headed ogre
  9329 | D:11     | HP: 2/47 [two-headed ogre/+0 giant club (20)]
  9329 | D:11     | Annihilated by a two-headed ogre

Illustrated notes

Levels and vault maps discovered:
D:1:      dpeg_arrival_more_subterranean_lakeside_camping, layout_basic,
          minmay_liquid_box, nicolae_shop_vocational
D:2:      layout_loops_corners
D:3:      layout_loops_ring, led_sif_pool, minmay_parallelograms,
          uniq_crazy_yiuf_cottage, uniq_jessica
D:4:      layout_basic, lemuel_tele_altar, kennysheep_nub,
          nicolae_shop_distant_corner_stores, uniq_ijyb
D:5:      layout_basic, temple_fountains
D:6:      layout_loops_ring, uniq_pikel
D:7:      layout_loops_ring
D:8:      layout_loops_ring
D:9:      layout_irregular_city, minmay_overflow_temple_star_quad
D:10:     layout_rooms, general_overflow_altar, serial_shops, kennysheep_mini,
          uniq_erica
D:11:     layout_loops_ring, david_lair_shrubbed, david_orc_2, zin_statuary
Temple:   nicolae_temple_superstar

Skill      XL: |  1  2  3  4  5  6  7  8  9 10 11 |
---------------+----------------------------------+-----
Short Blades   | 1 2 3 4 6 7 |  7.6
Stealth        | 4 5 6 7 8 10 | 10.6
Dodging        | 2 3 4 5 6 |  6.5
Ice Magic      | 1 2 3 |  3.0
Armour         | 1 2 |  2.4
Hexes          | 4 5 6 7 8 |  8.2
Evocations     | 2 3 4 |  4.8
Spellcasting   | |  2.9

Action                     |  1- 3 |  4- 6 |  7- 9 | 10-12 || total
---------------------------+-------+-------+-------+-------++-------
  Melee: Dagger            |    14 |       |       |       ||    14
         Bite              |    15 |    36 |    64 |    85 ||   200
         Short sword       |    65 |   126 |   214 |   217 ||   622
         Punch             |       |       |     2 |     4 ||     6
   Cast: Ensorcelled Hiber |     1 |    13 |    34 |    24 ||    72
         Confusing Touch   |       |       |     6 |    12 ||    18
    Use: Scroll            |     4 |     2 |     3 |    10 ||    19
         Potion            |       |       |       |     2 ||     2
   Stab: Sleeping          |    12 |    13 |    35 |    15 ||    75
         Confused          |       |       |     2 |    10 ||    12
         Distracted        |       |       |     1 |       ||     1
 Armour: Robe              |    33 |    68 |   104 |   124 ||   329
  Dodge: Dodged            |    42 |    90 |    96 |   168 ||   396
